 Dungeon Crawl Stone Soup version 0.23-a0-242-g2b5ca64 (webtiles) character file.

171 CasualChangeling the Ruffian (level 5, -1/42 HPs)
             Began as a Draconian Transmuter on Sept 28, 2018.
             Slain by an orc priest (3 damage)
             ... on level 3 of the Dungeon.
             The game lasted 00:06:14 (3518 turns).

CasualChangeling the Ruffian (Draconian Transmuter) Turns: 3518, Time: 00:06:14

Health: -1/42      AC:  5    Str: 12 (13) XL:     5   Next: 26%
Magic:  8/9        EV: 12    Int: 11 (14) God:
Gold:   128        SH:  0    Dex: 10 (11) Spells: 6/9 levels left

rFire    . . .     SeeInvis .     - Unarmed
rCold    . . .     Gourm    .   (no shield)
rNeg     . . .     Faith    .   (armour unavailable)
rPois    .         Spirit   .   (helmet restricted)
rElec    .         Reflect  .   (no cloak)
rCorr    .         Harm     .   (no gloves)
MR       .....                  (no boots)
Stlth    +.........             (no amulet)
HPRegen  0.14/turn              (no ring)
MPRegen  0.11/turn              (no ring)

@: no status effects
A: unfitting armour, cold-blooded, AC +5
a: no special abilities


You were on level 3 of the Dungeon.
You were not hungry.

You visited 1 branch of the dungeon, and saw 3 of its levels.

You collected 128 gold pieces.

Inventory:

Missiles
 a - 22 arrows
Wands
 f - a wand of paralysis (1)
Scrolls
 b - a scroll of amnesia {unknown}
 d - 3 scrolls of random uselessness {unknown}
 e - a scroll of enchant armour {unknown}
 g - 2 scrolls of remove curse {unknown}
 i - 2 scrolls of fog {unknown}
 k - 2 scrolls of teleportation {unknown}
 m - 6 scrolls of identify {unknown}
Potions
 h - a potion of degeneration
 j - a potion of mutation {unknown}
 l - a potion of heal wounds {unknown}
 n - a potion of flight {unknown}
 o - a potion of cancellation
Comestibles
 c - 3 rations


   Skills:
 + Level 2.6 Fighting
 + Level 2.6 Dodging
 + Level 3.7 Unarmed Combat
 + Level 2.8 Spellcasting
 + Level 3.1 Transmutations


You had 6 spell levels left.
You knew the following spells:

 Your Spells              Type           Power        Failure   Level  Hunger
a - Beastly Appendage     Tmut           #.....       8%          1    #......
b - Sticks to Snakes      Tmut           #.......     12%         2    ###....

Your spell library contained the following spells:

 Spells                   Type           Power        Failure   Level  Hunger
 Spider Form              Tmut/Pois      #.........   38%         3    ###....
 Ice Form                 Ice/Tmut       #.......     80%         4    #####..
 Blade Hands              Tmut           #.........   91%         5    ######.


Dungeon Overview and Level Annotations

Branches:
Dungeon (3/15)

Altars:
Xom
Zin


Innate Abilities, Weirdness & Mutations

Your plain brown scales are hard. (AC +5)
You cannot fit into any form of body armour.
You are cold-blooded and may be slowed by cold attacks.


Message History

The orc hits you but does no damage.
You punch the orc!
You kill the orc!
Casting: Beastly Appendage (safe; 6% risk of failure)
Confirm with . or Enter, or press ? or * to list all spells.
You extend your transformation's duration.
The orc priest mumbles some strange prayers to Beogh against you.
Beogh smites you!
* * * LOW HITPOINT WARNING * * *
Things that are here:
a trident; a leather armour It was a potion of cancellation.
Your magical effects are unravelling.
You feel magically purged.
Your horns disappear.
It was a potion of degeneration.
There was something very wrong with that liquid.
You feel weakened.
You feel dopey.
You feel clumsy. The orc priest hits you.
You die...

#......................##.
#...........##............
#..............##.########
########..........######.# ##
.......#..........# #..# ###.
.......#..........# ##.## #...
.......#...(...>..# #..# #.##
..........######o#####.## ##.#
.......##### #.@###...# #..#
...........####..).)..<## #.##
.......###...##.######..#####.###
.........###..#.######...........
.........# ##.#........#####.##..
.......[.####....#######.......#.
...............................##
..................######....<..#
.........########## #########


You could see an orc priest.

Vanquished Creatures
  An orc priest (D:3)
  2 gnolls (D:3)
  3 adders
  An ooze (D:1)
  3 worms
  2 dart slugs
  2 leopard geckos
  5 orcs (D:3)
  7 bats
  3 goblins
  9 hobgoblins
  2 quokkas (D:2)
  2 frilled lizards
  11 kobolds
  8 rats
61 creatures vanquished.

Vanquished Creatures (collateral kills)
  2 adders (D:3)
  A giant cockroach (D:2)
  A goblin (D:3)
  2 frilled lizards (D:3)
6 creatures vanquished.

Grand Total: 67 creatures vanquished

Notes
Turn   | Place    | Note
-------+----------+-------------------------------------------
     0 | D:1      | CasualChangeling the Draconian Transmuter began the quest
                  | for the Orb.
     0 | D:1      | Reached XP level 1. HP: 16/16 MP: 3/3
   338 | D:1      | Reached XP level 2. HP: 19/23 MP: 3/5
  1253 | D:1      | Reached XP level 3. HP: 23/29 MP: 4/6
  1735 | D:2      | Learned a level 2 spell: Sticks to Snakes
  1789 | D:2      | Found a shimmering altar of Xom.
  1790 | D:2      | Noticed an angel
  2142 | D:2      | Found a glowing silver altar of Zin.
  2670 | D:3      | Reached XP level 4. HP: 18/36 MP: 5/7
  3084 | D:3      | Paralysed by a gnoll for 5 turns
  3497 | D:3      | Reached XP level 5. HP: 40/42 MP: 7/9
  3516 | D:3      | HP: 1/42 [orc priest/divine providence (9)]
  3518 | D:3      | Slain by an orc priest

Vault maps used:
D:1:      minmay_arrival_radiant_lines, patterned_corridor
D:2:      grunt_temple_overflow_order_and_chaos_1

Skill      XL: |  1  2  3  4 |
---------------+-------------+-----
Dodging        | 2 |  2.6
Fighting       | 2 |  2.6
Transmutations | 3 |  3.1
Unarmed Combat | |  3.7
Spellcasting   | |  2.8

Action                   |  1- 3 |  4- 6 || total
-------------------------+-------+-------++-------
Melee: Unarmed           |   162 |    64 ||   226
       Kick              |    14 |     3 ||    17
       Tailslap          |    15 |    11 ||    26
       Headbutt          |    11 |     3 ||    14
       Punch             |       |     1 ||     1
 Cast: Beastly Appendage |    35 |     9 ||    44
       Sticks to Snakes  |     1 |     7 ||     8
  Use: Potion            |       |     2 ||     2
 Stab: Sleeping          |     1 |       ||     1
  Eat: Chunk             |     6 |     2 ||     8
       Ration            |       |     1 ||     1
Armor: Skin              |    62 |    12 ||    74
Dodge: Dodged            |   117 |    30 ||   147

Table legend:
 A = Non-vault XP
 B = Vault XP
 C = Vault XP percentage of total XP
 D = Non-vault monster count
 E = Vault monster count
 F = Vault count percentage of total count
                 A         B        C        D         E       F
            +---------+---------+-------+---------+---------+-------
      Total |     245 |       0 |   0.0 |      67 |       0 |   0.0
            +---------+---------+-------+---------+---------+-------
        D:1 |      41 |       0 |   0.0 |      21 |       0 |   0.0
        D:2 |      54 |       0 |   0.0 |      21 |       0 |   0.0
        D:3 |     150 |       0 |   0.0 |      25 |       0 |   0.0
            +---------+---------+-------+---------+---------+-------
